 Dungeon Crawl Stone Soup version 0.31.0-2-g5a2aebc5c2 (webtiles) character file.

Game seed: 10508502881201964452

207 Persephone the Chopper (level 5, 0/45 HPs)
             Began as a Minotaur Monk on Jan 20, 2024.
             Slain by an orc
             ... wielding a +0 club
              (1 damage)
             ... on level 7 of the Dungeon.
             The game lasted 00:04:10 (2534 turns).

Persephone the Chopper (Minotaur Monk)              Turns: 2534, Time: 00:04:10

Health: 0/45       AC:  8    Str: 18    XL:     5   Next: 54%
Magic:  4/4        EV:  8    Int:  7    God:
Gold:   162        SH:  0    Dex: 12    Spells: 4/4 levels left

rFire   . . .        a - +0 hand axe
rCold   . . .        d - orb {light}
rNeg    . . .        i - +0 chain mail
rPois   .            (helmet restricted)
rElec   .            (no cloak)
rCorr   .            (no gloves)
SInv    .            (no boots)
Will    .....        (no amulet) Stlth
                     (no ring)
HPRegen 0.27/turn    (no ring)
MPRegen 0.09/turn

%: no passive effects
@: confused, lethally poisoned (0 -> -22), glowing
A: horns 2, retaliatory headbutt
a: no special abilities


You were on level 7 of the Dungeon.
You visited 1 branch of the dungeon, and saw 5 of its levels.

You collected 162 gold pieces.

Inventory:

Hand Weapons
 a - a +0 hand axe (weapon)
Missiles
 f - a throwing net (quivered)
Armour
 d - an orb of light (worn)
 i - a +0 chain mail (worn)
Jewellery
 b - an amulet of magic regeneration
 p - a +6 ring of intelligence
Scrolls
 e - a scroll of noise
 g - 7 scrolls of identify
 h - a scroll of teleportation
 s - a scroll of amnesia {unknown}
 t - a scroll of revelation {unknown}
Potions
 c - a potion of ambrosia
 j - a potion of heal wounds {unknown}
 k - a potion of resistance {unknown}
 l - a potion of might {unknown}
 m - 3 potions of magic {unknown}
 n - a potion of enlightenment {unknown}
 o - a potion of curing {unknown}
 q - a potion of mutation {unknown}
 r - a potion of degeneration {unknown}


   Skills:
 - Level 3.6 Fighting
 + Level 7.6 Axes
 - Level 3.2 Dodging


You had 4 spell levels left.
You didn't know any spells.
Your spell library contained the following spells:

 Spells                   Type           Power      Damage    Failure   Level
 Ensorcelled Hibernation  Hex/Ice        0%         N/A       100%        2
 Passwall                 Erth           0%         N/A       100%        3
 Swiftness                Air            0%         N/A       100%        3


Dungeon Overview and Level Annotations

Branches:
Dungeon (4/15)
 Temple: D:4-7

Altars:
Kikubaaqudgha
Okawaru
Vehumet

Shops:
D:3 :


Innate Abilities, Weirdness & Mutations

You have a pair of horns on your head.
You reflexively headbutt those who attack you in melee.


Message History

You are confused.
The orc closely misses you. The orc hits you but does no damage.
The iguana hisses angrily.
You hit the orc wizard. Your headbutt misses the orc wizard.
The orc wizard is severely wounded.
You hit the orc but do no damage. x2; You feel sick.
You bump into the rock wall.
You feel very sick.
The orc wizard hits you but does no damage.
An ice beast comes into view.
The orc hits you but does no damage. The orc closely misses you.
You're too confused to move!
You feel sick. The orc hits you but does no damage.
The orc wizard casts a spell at you.
You are more confused.
You're too confused to move!
You feel sick.
The orc wizard hits you but does no damage.
The iguana hisses menacingly.
The orc closely misses you.
The orc hits you with a +2 dagger of venom.
You are more poisoned.
You hit the orc wizard.
The orc wizard is almost dead.
You barely miss the orc. x2; You hit the orc.
You feel very sick. The orc hits you with a +0 war axe.
* * * LOW HITPOINT WARNING * * *
The orc wizard hits you with a +0 dagger.
* * * LOW HITPOINT WARNING * * *
The orc barely misses you.
The orc hits you with a +2 dagger of venom.
* * * LOW HITPOINT WARNING * * *
You are more poisoned.
You bump into the rock wall.
* * * LOW HITPOINT WARNING * * *
You feel very sick. The orc closely misses you.
The orc wizard hits you but does no damage.
The orc hits you with a +0 club.
You die...

#.....# #.....#####
#####.........#
....#.......#.########.
.......................
....####^####...#####.
....#.......#.#.#
###.#.......#...#####.##
.##.#.......#..o@o......
.##....._...^..oo#..####
.#..#)......#..#l$ ....
.)..#[......#...Y.. ....
#...#.......#.[#.... ...
###.#########........ .$
#... ....#..... . .....
.. . ...... #####..


You could see an ice beast, an iguana, an orc wizard and 3 orcs.

Vanquished Creatures
  A bombardier beetle (D:3)
  An orc wizard (D:7)
  Natasha (twice) (D:2)
  4 gnolls (D:3)
  2 adders (D:2)
  A dart slug (D:2)
  2 orcs (D:7)
  6 ball pythons
  2 bats
  An endoplasm (D:3)
  2 giant cockroaches
  4 goblins
  5 hobgoblins
  A quokka (D:2)
  2 frilled lizards (D:2)
  5 kobolds
  2 rats
43 creatures vanquished.

Notes
Turn   | Place    | Note
-------+----------+-------------------------------------------
     0 | D:1      | Persephone the Minotaur Monk began the quest for the Orb.
     0 | D:1      | Reached XP level 1. HP: 19/19 MP: 0/0
   155 | D:1      | Reached skill level 4 in Axes
   401 | D:1      | Reached XP level 2. HP: 22/26 MP: 1/1
   867 | D:2      | Reached skill level 5 in Axes
  1107 | D:2      | Reached XP level 3. HP: 31/31 MP: 2/2
  1196 | D:2      | Noticed Natasha
  1203 | D:2      | Killed Natasha
  1204 | D:2      | Reached skill level 6 in Axes
  1204 | D:2      | Reached XP level 4. HP: 36/39 MP: 3/3
  1283 | D:2      | Noticed Natasha
  1291 | D:2      | Killed Natasha
  1380 | D:3      | Found a radiant altar of Vehumet.
  1696 | D:3      | Found Weuda's Book Boutique.
  1724 | D:3      | Reached XP level 5. HP: 45/45 MP: 4/4
  2045 | D:3      | Reached skill level 7 in Axes
  2295 | D:3      | Found an iron altar of Okawaru.
  2406 | D:4      | Noticed a phantom
  2416 | D:4      | You fall into a shaft and drop 3 floors!
  2416 | D:7      | Found an ancient bone altar of Kikubaaqudgha.
  2530 | D:7      | Noticed an ice beast
  2534 | D:7      | HP: 1/45 [poisoned by an orc]
  2534 | D:7      | Slain by an orc

Illustrated notes

Levels and vault maps discovered:
D:1:      saegor_arrival_simple_e, layout_basic
D:2:      kennysheep_big_flooded_room, layout_basic, uniq_natasha
D:3:      layout_basic, nicolae_vehumet_radiance,
          hellmonk_okawaru_the_only_friend_you_need, serial_shops,
          nicolae_book_shop_shelving
D:4:      layout_loops_corners, jmf_multi_god_temple2, marbit_many_paths,
          serial_shops, nicolae_shop_industrial_runoff, shop, shop, shop
D:7:      layout_rooms, lemuel_tele_altar, serial_shops,
          nicolae_shop_rolling_square

Skill      XL: |  1  2  3  4  5 |
---------------+----------------+-----
Axes           | 4 5 6 7 |  7.6
Fighting       | |  3.6
Dodging        | |  3.2

Action                     |  1- 3 |  4- 6 || total
---------------------------+-------+-------++-------
  Melee: Hand axe          |    44 |    53 ||    97
         Headbutt          |    10 |    13 ||    23
    Use: Scroll            |       |     3 ||     3
 Armour: Robe              |     3 |       ||     3
         Scale mail        |     4 |       ||     4
         Chain mail        |    15 |    53 ||    68
  Dodge: Dodged            |    30 |    29 ||    59
